 Dungeon Crawl Stone Soup version 0.28.0-43-g3370ac3207 (webtiles) character file.

Game seed: 10829187788650255342

31 pkoi the Gusty (level 3, -2/21 HPs)
             Began as an Octopode Air Elementalist on Mar 17, 2022.
             Slain by Eustachio
             ... wielding a +0 falchion
              (6 damage)
             ... on level 4 of the Dungeon.
             The game lasted 00:02:48 (2025 turns).

pkoi the Gusty (Octopode Air Elementalist)          Turns: 2025, Time: 00:02:49

Health: -2/21      AC:  1    Str:  7    XL:     3   Next: 22%
Magic:  6/6        EV: 13    Int: 19    God:
Gold:   122        SH:  0    Dex: 12    Spells: 0/6 levels left

rFire   . . .      SeeInvis .   c - +0 short sword (drain)
rCold   . . .      Faith    .   (no shield)
rNeg    . . .      Spirit   .   (helmet restricted)
rPois   .          Reflect  .   (no amulet)
rElec   .          Harm     .   (no ring)
rCorr   .          Rampage  .   (no ring)
Will    .....                   (no ring)
Stlth   +++.......              (no ring)
HPRegen 0.07/turn               (no ring)
MPRegen 0.10/turn               (no ring)
                                (no ring)
                                (no ring)

@: no status effects
A: almost no armour, amphibious, 8 rings, camouflage 1, gelatinous body 1,
(nimble swimmer 1), tentacles
a: no special abilities


You were on level 4 of the Dungeon.
You visited 1 branch of the dungeon, and saw 3 of its levels.

You collected 122 gold pieces.

Inventory:

Hand Weapons
 c - a +0 short sword of draining (weapon)
Missiles
 d - 5 javelins
 e - 3 poisoned darts
Armour
 f - an orb of guile
Scrolls
 a - 2 scrolls of identify {unknown}
 g - a scroll of blinking
 j - a scroll of torment {unknown}
Potions
 b - 3 potions of curing {unknown}
 h - a potion of degeneration {unknown}
 i - a potion of might {unknown}


   Skills:
 - Level 2.0 Dodging
 - Level 3.0 Stealth
 - Level 2.0 Spellcasting
 - Level 1.0 Conjurations
 + Level 4.1 Air Magic


You couldn't memorise any spells.
You knew the following spells:

 Your Spells              Type           Power      Damage    Failure   Level
a - Shock                 Conj/Air       44%        1d5       6%          1
b - Static Discharge      Conj/Air       11%        N/A       9%          2
c - Swiftness             Air            17%        N/A       9%          3

Your spell library contained the following spells:

 Spells                   Type           Power      Damage    Failure   Level
 Airstrike                Air            8%         N/A       30%         4


Dungeon Overview and Level Annotations

Branches:
Dungeon (2/15)

Altars:
Qazlal

Shops:
D:1 *=(:

Annotations:
D:4 Eustachio


Innate Abilities, Weirdness & Mutations

You cannot wear most types of armour.
You are amphibious.
You can wear up to eight rings at the same time.
Your skin changes colour to match your surroundings (Stealth+).
Your rubbery body absorbs attacks. (AC +1, EV +1)
((You are camouflaged when in or above water. (Stealth+)))
You have tentacles for arms and can constrict up to eight enemies at once.


Message History

The hobgoblin hits you but does no damage.
Eustachio mumbles some strange words.
Eustachio blinks!
The bat hits you but does no damage. The ufetubus hits you.
* * * LOW HITPOINT WARNING * * *
The ufetubus closely misses you. The bat closely misses you.
The hobgoblin hits you.
* * * LOW HITPOINT WARNING * * *
Found a scroll labelled RENIEPUCODGH.
The bat barely misses you. The bat misses you.
The hobgoblin closely misses you.
There is an open door here.
The ufetubus disappears in a puff of smoke!
The crimson imp blinks!
You hit the hobgoblin. You drain the hobgoblin. Your grab misses the hobgoblin.
The hobgoblin is heavily wounded.
The hobgoblin completely misses you. The crimson imp closely misses you.
You hit the hobgoblin. You drain the hobgoblin.
You kill the hobgoblin!
The bat hits you.
* * * LOW HITPOINT WARNING * * *
The crimson imp barely misses you. The bat closely misses you.
Unknown command.
The crimson imp hits you.
* * * LOW HITPOINT WARNING * * *
The crimson imp disappears in a puff of smoke!
The white imp disappears in a puff of smoke!
The bat hits you.
* * * LOW HITPOINT WARNING * * *
The bat hits you but does no damage.
You open the door. The bat hits you.
* * * LOW HITPOINT WARNING * * *
The bat hits you but does no damage.
There is an open door here.
The bat hits you but does no damage. Eustachio closely misses you.
You hit Eustachio. You grab Eustachio.
Eustachio is lightly wounded.
You constrict Eustachio. The bat hits you.
* * * LOW HITPOINT WARNING * * *
Eustachio hits you with a +0 falchion.
You die...

#... #...#.....#...##....
#...##...#.....#...##....
#........#.....#...##....
#........+.....#.........
.......#.....#.........
.....#.....'.........
#...#.....#.$.##....
###'##...@.#...##....
#..b@#.....#...##..(.
#...@#.....#.........
#....'.....#.........
#....#.....#.........
##...#.....#...##....
#####.....# ##### #.....#
#....... +...?....


You could see Eustachio and a bat (summoned).

Vanquished Creatures
  A dart slug (D:2)
  4 bats
  3 endoplasms (D:1)
  3 goblins
  3 hobgoblins
  4 kobolds
  3 quokkas
  3 ball pythons (D:2)
  A frilled lizard (D:2)
  A rat (D:2)
26 creatures vanquished.

Vanquished Creatures (others)
  5 toadstools (D:1)
5 creatures vanquished.

Grand Total: 31 creatures vanquished

Notes
Turn   | Place    | Note
-------+----------+-------------------------------------------
     0 | D:1      | pkoi the Octopode Air Elementalist began the quest for the
                  | Orb.
     0 | D:1      | Reached XP level 1. HP: 11/11 MP: 3/3
   282 | D:1      | Found Ewkunakh's Book Shop.
   298 | D:1      | Found a faded altar of an unknown god.
   319 | D:1      | Found Bofoepso's Weapon Emporium.
   396 | D:1      | Found Ciylesop's Jewellery Shoppe.
   495 | D:1      | Reached XP level 2. HP: 15/17 MP: 0/5
   716 | D:1      | Found Gaaral's Assorted Antiques.
  1492 | D:2      | Found a stormy altar of Qazlal.
  1504 | D:2      | Reached skill level 4 in Air Magic
  1537 | D:2      | Learned a level 2 spell: Static Discharge
  1591 | D:2      | Reached XP level 3. HP: 21/21 MP: 2/6
  1632 | D:2      | Learned a level 3 spell: Swiftness
  1956 | D:2      | You fall into a shaft and drop 2 floors!
  1956 | D:4      | Noticed Eustachio
  2025 | D:4      | Slain by Eustachio

Illustrated notes

Levels and vault maps discovered:
D:1:      ldierk_walled_garden, layout_basic, shapermc_ecumenical_altar_venn,
          serial_shops, nicolae_shop_waterfront, shop, nicolae_shop_crystal,
          nicolae_shop_crystal, chequers_serial_rivers_room_b
D:2:      layout_basic, basic_altar, minivault_5, minmay_hexomino_u4, uniq_robin
D:4:      kennysheep_goblin_castle, layout_gridville,
          nicolae_dithmenos_the_darkroom, mainiacjoe_overflow_catwalk,
          general_overflow_altar, uniq_ijyb, uniq_eustachio

Skill      XL: |  1  2  3 |
---------------+----------+-----
Air Magic      | 4 |  4.1
Stealth        | 3 |  3.0
Dodging        | |  2.0
Spellcasting   | |  2.0
Conjurations   | |  1.0

Action                   || total
-------------------------++-------
Melee: Unarmed           ||     4
       Constrict         ||     4
       Short sword       ||     9
 Cast: Shock             ||    48
  Use: Scroll            ||     3
Armor: Skin              ||     9
Dodge: Dodged            ||    23
